 Dungeon Crawl Stone Soup version 0.24.0-1-gfbc8707 (webtiles) character file.

Game seed: 16037500005978054393, levelgen mode: deterministic

403 Fang the Skirmisher (level 6, -5/60 HPs)
             Began as a Gargoyle Berserker on Oct 30, 2019.
             Was a Priest of Trog.
             Shot with an arrow by a centaur (9 damage)
             ... on level 5 of the Dungeon.
             The game lasted 00:03:41 (4060 turns).

Fang the Skirmisher (Gargoyle Berserker)            Turns: 4060, Time: 00:03:41

Health: -5/60      AC:  7    Str: 27    XL:     6   Next: 86%
Magic:  6/6        EV: 12    Int:  8    God:    Trog [***...]
Gold:   127        SH:  0    Dex:  9    Spells: 5/5 levels left

rFire    . . .     SeeInvis .   a - +0 war axe
rCold    . . .     Gourm    .   (no shield)
rNeg     + . .     Faith    .   b - +0 animal skin
rPois    ∞         Spirit   .   t - +0 helmet (curse)
rElec    +         Reflect  .   (no cloak)
rCorr    .         Harm     .   (no gloves)
MR       .....                  (no boots)
Stlth    ..........             s - amulet of rage
HPRegen  0.20/turn              (no ring)
MPRegen  0.10/turn              (no ring)

@: berserking (expiring), very quick
A: negative energy resistance 1, electricity resistance, unbreathing,
petrification resistance, rot immunity, AC +4
a: Berserk, Trog's Hand, Renounce Religion, Evoke Berserk Rage


You were on level 5 of the Dungeon.
You worshipped Trog.
Trog was most pleased with you.
You were near starving.

You visited 1 branch of the dungeon, and saw 5 of its levels.

You collected 127 gold pieces.

Inventory:

Hand Weapons
 a - a +0 war axe (weapon)
Armour
 b - a +0 animal skin (worn)
 n - a +1 helmet
 t - a cursed +0 helmet (worn)
Jewellery
 s - an amulet of rage (around neck)
Scrolls
 f - a scroll of remove curse {unknown}
 i - 8 scrolls of identify {unknown}
 j - 2 scrolls of amnesia {unknown}
 l - a scroll of teleportation {unknown}
 m - a scroll of fear {unknown}
 r - a scroll of vulnerability {unknown}
Potions
 d - a potion of agility {unknown}
 e - a potion of heal wounds {unknown}
 g - a potion of lignification {unknown}
 h - a potion of brilliance {unknown}
 k - a potion of ambrosia {unknown}
 o - a potion of berserk rage {unknown}
 p - a potion of degeneration {unknown}
 q - 2 potions of mutation {unknown}
Comestibles
 c - 8 rations


   Skills:
 * Level 5.1 Fighting
 * Level 4.2 Axes
 + Level 4.0 Armour
 + Level 3.0 Dodging


You had 5 spell levels left.
You didn't know any spells.
Your spell library was empty.

Dungeon Overview and Level Annotations

Branches:
Dungeon (5/15)
 Temple: D:4-7

Altars:
Cheibriados
Qazlal
Sif Muna
Yredelemnul


Innate Abilities, Weirdness & Mutations

You are resistant to torment.
Your stone body is resilient. (AC +4)
You are immune to poison.
You resist negative energy. (rN+)
You are resistant to electric shocks. (rElec)
You can survive without breathing.
You are immune to petrification.
You are immune to rotting.


Message History

You are too injured to fight recklessly!
You are too injured to fight recklessly!
You are too injured to fight recklessly!
You are too injured to fight recklessly!
You are too injured to fight recklessly!
You are too injured to fight recklessly!
You are too injured to fight recklessly!
A red film seems to cover your vision as you go berserk!
You feel yourself moving faster!
You feel mighty!
You are near starving!
The centaur shoots an arrow.
The arrow hits you!
The centaur shoots an arrow.
The arrow hits you.
* * * LOW HITPOINT WARNING * * *
You feel a strong urge to attack something.
The centaur shoots an arrow.
The arrow hits you!
* * * LOW HITPOINT WARNING * * *
You see here an arrow.
You feel your anger nearly subside.
The centaur shoots an arrow.
The arrow hits you!
You die...

#..... #.._...
#.....# #.....#
#.....# #.....#
####
#.....######..c#
#..........#.#.#
#.....####.#.#@#
####.###...#.#(#
# #.#
#.###.#.#.# #.#
#.#....(#.####
#.#
#.#.#.#(.....#
#.#
#.....#(#.#..#
#.# ###.#...#...
.. #.####......#
#...
#....#....#.#
#...


You could see a centaur.

Vanquished Creatures
  A scorpion (D:4)
  A crimson imp (D:4)
  A hound (D:4)
  An orc wizard (D:4)
  A worker ant (D:4)
  A hound zombie (D:3)
  8 adders
  5 gnolls
  2 worms (D:2)
  4 dart slugs
  2 leopard geckos (D:1)
  7 orcs
  3 giant cockroaches (D:1)
  10 goblins
  7 hobgoblins
  7 jackals
  7 kobolds
  A quokka (D:3)
  7 bats
  3 frilled lizards
  6 rats
85 creatures vanquished.

Vanquished Creatures (others)
  A dart slug (D:2)
1 creature vanquished.

Grand Total: 86 creatures vanquished

Notes
Turn   | Place    | Note
-------+----------+-------------------------------------------
     0 | D:1      | Fang the Gargoyle Berserker began the quest for the Orb.
     0 | D:1      | Reached XP level 1. HP: 14/14 MP: 1/1
   171 | D:1      | Reached XP level 2. HP: 19/19 MP: 2/2
   419 | D:1      | Reached XP level 3. HP: 11/23 MP: 3/3
  1023 | D:2      | Reached ** piety under Trog
  1394 | D:2      | Reached XP level 4. HP: 21/29 MP: 4/4
  1607 | D:2      | Reached skill level 4 in Fighting
  2287 | D:3      | Reached XP level 5. HP: 28/33 MP: 5/5
  2646 | D:3      | Found a snail-covered altar of Cheibriados.
  2993 | D:3      | Found a basalt altar of Yredelemnul.
  2993 | D:3      | Found a stormy altar of Qazlal.
  3275 | D:4      | Reached XP level 6. HP: 35/39 MP: 6/6
  3363 | D:4      | Reached *** piety under Trog
  3756 | D:4      | Reached skill level 5 in Fighting
  3986 | D:5      | Entered Level 5 of the Dungeon
  4031 | D:5      | Found a shimmering blue altar of Sif Muna.
  4060 | D:5      | Shot with an arrow by a centaur

Levels and vault maps discovered:
D:1:      sevenhm_arrival_forest_fort_large_3, layout_basic,
          minmay_worlds_worst_comb
D:2:      layout_loops_ring, first_ration, lemuel_flame_loot_1
D:3:      layout_loops_cross, overflow_temple_1_default,
          gammafunk_temple_overflow_wave
D:4:      layout_loops_cross
D:5:      layout_basic, elyvilon_altar_5, basic_altar

Skill      XL: |  1  2  3  4  5  6 |
---------------+-------------------+-----
Axes           | 3 4 |  4.2
Dodging        | 2 3 |  3.0
Armour         | 3 4 |  4.0
Fighting       | 4 5 |  5.1

Action                   |  1- 3 |  4- 6 || total
-------------------------+-------+-------++-------
Melee: Hand axe          |   119 |   103 ||   222
       War axe           |       |    85 ||    85
Invok: Berserk           |     1 |     2 ||     3
  Eat: Chunk             |     2 |     9 ||    11
Armor: Animal skin       |    24 |    78 ||   102
Dodge: Dodged            |    78 |   143 ||   221
